Map: Nephor I

Players

Fightinfish

  • Race: Terran Terran
  • Spawn Location: 1:00

Grumm

  • Race: Zerg Zerg
  • League: Gold
  • Spawn Location: 12:00

EarMuffs

  • Race: Terran Terran
  • Spawn Location: 1:00

Guy

  • Race: Zerg Zerg
  • Spawn Location: 7:00

NAJEDI

  • Race: Terran Terran
  • Spawn Location: 7:00

unleashed

  • Race: Terran Terran
  • Spawn Location: 6:00

VOD

Have the link to the VOD?

Description

Time

  • Played on: Feb. 18, 2016, 6:41 p.m.
  • Length: 14:25
Show
View Real Time Build Order
Export as new Build Order

Fightinfish Terran 

Build Orders:  

Get SALT Encoding   

  12  0:06  SCV  
  13  0:18  SCV  
  14  0:23  Supply Depot  
  14  0:31  SCV  
  15  0:47  Barracks  
  15  0:49  SCV  
  16  1:01  SCV  
  17  1:13  SCV  
  17  1:17  Barracks  
  19  1:25  SCV  
  19  1:31  Barracks  
  19  1:39  Barracks  
  19  1:41  Barracks  
  19  1:42  SCV  
  19  1:44  Marine  
  21  2:00  Orbital Command  
  21  2:01  Supply Depot  
  21  2:13  Marine x2  
  23  2:23  Refinery, Marine  
  23  2:28  Marine x2  
  26  2:31  Marine  
  27  2:38  Marine  
  27  2:41  Marine  
  29  2:46  Marine  
  29  2:47  Marine  
  31  2:52  Marine  
  31  2:56  Marine  
  31  2:57  Supply Depot  
  33  3:04  Marine x2  
  33  3:05  Marine  
  36  3:12  Marine  
  37  3:14  Marine  
  38  3:22  Marine  
  39  3:27  Marine x2  
  39  3:30  Marine  
  39  3:32  Marine  
  43  3:39  Marine  
  44  3:45  Marine  
  45  3:59  Marine x3  
  45  4:00  Marine  
  49  4:03  Marine  
  42  4:17  Marine x2  
  28  4:59  Command Center  
  28  5:02  Marine x5  
Show
View Real Time Build Order
Export as new Build Order

Grumm Zerg 

Build Orders: Hatch First 

Get SALT Encoding   

  12  0:28  Hatchery  
  11  0:30  Drone  
  12  0:36  Drone  
  13  0:45  Drone  
  14  1:05  Spawning Pool  
  14  1:07  Drone  
  14  1:09  Overlord  
  14  1:16  Extractor  
  14  1:17  Drone  
  14  1:33  Drone x2  
  17  1:54  Zergling x8  
  20  2:10  Queen x2  
  24  2:23  Overlord  
  24  2:31  Drone  
  24  2:32  Drone x3  
  28  2:38  Overlord  
  28  2:50  Lair  
  28  2:56  Drone x2  
  27  3:29  Drone x12  
  38  3:35  Extractor  
  38  3:38  Extractor  
  36  3:50  Spire  
  36  3:55  Extractor  
  34  4:02  Drone  
  35  4:03  Drone x3  
  38  4:11  Overlord  
  38  4:14  Drone  
  38  4:15  Drone x4  
  38  4:16  Drone  
  44  4:23  Overlord  
  44  4:45  Drone x6  
  47  4:52  Hatchery  
  49  5:15  Mutalisk x5  
  49  5:19  Overlord  
  59  5:29  Overlord  
  59  5:31  Overlord  
  59  5:48  Mutalisk  
  59  5:49  Mutalisk x3  
  67  5:56  Extractor  
  67  5:57  Queen  
  66  5:59  Extractor  
  67  6:22  Zerg Flyer Weapons Level 1  
  67  6:25  Mutalisk x4  
  67  6:29  Drone x10  
  85  6:50  Spine Crawler x2  
  85  6:51  Spine Crawler  
  80  7:13  Mutalisk  
  80  7:14  Mutalisk x4  
  90  7:21  Overlord  
  90  7:22  Overlord x5  
  90  7:46  Drone x8  
  98  7:54  Mutalisk x2  
  102  8:19  Mutalisk  
  104  8:20  Mutalisk x5  
  114  8:58  Mutalisk  
  114  8:59  Mutalisk x7  
  120  9:32  Zerg Flyer Armor Level 1  
  120  9:35  Infestation Pit  
  119  9:40  Spire  
  118  9:53  Spore Crawler  
  118  9:56  Spine Crawler  
  118  9:57  Spine Crawler  
  115  10:02  Spore Crawler  
  114  10:17  Mutalisk  
  114  10:18  Mutalisk x7  
  130  10:34  Hatchery  
  129  10:53  Evolution Chamber  
  129  10:54  Evolution Chamber  
  115  11:52  Hive  
  115  11:54  Zerg Flyer Weapons Level 2  
  115  11:58  Zergling x30  
  115  11:59  Zergling x6, Metabolic Boost  
  133  12:21  Zerg Ground Armor Level 1, Zerg Melee Weapons Level 1  
  113  12:51  Zergling x2  
  113  12:52  Zergling x32  
  112  13:36  Zergling x2  
  112  13:37  Zergling x28  
Show
View Real Time Build Order
Export as new Build Order

EarMuffs Terran 

Build Orders: Mech 

Get SALT Encoding   

  12  0:01  SCV  
  13  0:14  SCV  
  14  0:26  SCV  
  14  0:27  Supply Depot  
  15  0:30  Refinery  
  15  0:49  SCV  
  16  1:01  SCV  
  16  1:03  Barracks  
  17  1:07  Barracks  
  17  1:08  Refinery  
  17  1:13  SCV  
  18  1:25  SCV  
  19  1:29  Supply Depot  
  19  1:37  SCV  
  20  1:49  SCV  
  20  1:50  Barracks Reactor  
  21  1:54  Barracks Reactor  
  21  2:01  SCV  
  21  2:06  Supply Depot  
  22  2:13  SCV  
  23  2:26  SCV, Reaper  
  23  2:27  Reaper  
  26  2:31  Reaper x2  
  28  2:38  Orbital Command  
  28  2:46  Supply Depot  
  28  2:58  Reaper  
  28  2:59  Reaper  
  28  3:03  Reaper x2  
  32  3:21  SCV  
  33  3:31  Reaper x2  
  35  3:34  Command Center  
  31  4:07  Marine x2  
  33  4:10  SCV  
  34  4:21  Refinery  
  34  4:23  Refinery, SCV  
  35  4:30  Marine x3  
  35  4:31  Marine  
  39  4:39  Supply Depot  
  39  4:41  Supply Depot  
  39  4:42  Factory  
  39  4:43  Factory  
  33  4:54  Marine x3  
  33  4:55  Marine  
  33  4:59  SCV  
  38  5:01  Engineering Bay  
  38  5:12  Marine x2  
  40  5:19  SCV x2  
  42  5:32  Planetary Fortress  
  42  5:36  SCV, Factory Tech Lab  
  42  5:37  Factory Tech Lab  
  42  5:38  Marine x3  
  42  5:39  Marine  
  47  5:45  Supply Depot  
  47  5:48  SCV  
  48  5:58  Siege Tank x2  
  48  6:00  SCV  
  55  6:05  Marine x2  
  55  6:06  Factory  
  55  6:09  SCV  
  58  6:12  SCV  
  58  6:18  Supply Depot  
  59  6:21  Supply Depot, SCV  
  59  6:24  SCV  
  61  6:31  Siege Tank  
  64  6:33  SCV  
  64  6:37  Siege Tank  
  68  6:44  SCV  
  68  6:45  SCV  
  70  6:58  Factory Tech Lab  
  70  7:01  Marine x3  
  70  7:02  Marine, SCV  
  70  7:04  SCV  
  76  7:13  Supply Depot  
  76  7:15  Supply Depot, SCV, Siege Tank  
  80  7:16  SCV  
  80  7:19  Siege Tank  
  84  7:24  Siege Tank  
  84  7:27  SCV  
  88  7:38  Missile Turret  
  88  7:41  Missile Turret  
  88  7:44  Missile Turret  
  88  7:45  Missile Turret  
  88  7:49  Marine x4  
  88  7:50  Missile Turret  
  92  8:07  Marine  
  92  8:12  Siege Tank x3  
  102  8:13  Marine  
  102  8:14  Marine x2  
  102  8:16  SCV  
  102  8:18  SCV  
  107  8:25  Marine  
  108  8:31  Command Center  
  105  8:54  Siege Tank x3  
  105  8:55  Marine x4  
  118  9:13  Marine x4  
  82  9:31  Siege Tank x3  
  82  9:32  Marine x2  
  93  9:48  Factory  
  93  9:57  Command Center, Barracks  
  93  9:58  Barracks  
  93  10:16  Command Center  
  93  10:40  Refinery  
  93  10:42  Refinery  
  86  10:49  Refinery  
  85  10:52  Refinery  
  50  11:29  Factory Tech Lab  
  50  11:30  Siege Tank x3  
  50  11:31  Marine  
  50  11:32  Marine  
  58  11:33  Barracks Tech Lab  
  58  11:35  Marine, Barracks Reactor  
  58  11:36  Marine  
  58  11:39  SCV  
  61  11:41  SCV  
  62  11:49  Marine  
  62  11:50  Marine  
  62  11:51  SCV  
  62  11:53  Marine x2, SCV  
  68  12:02  Siege Tank x3  
  68  12:03  Siege Tank, SCV  
  68  12:05  SCV  
  68  12:07  Marine  
  83  12:14  Marine  
  84  12:15  SCV  
  84  12:17  SCV  
  86  12:27  SCV  
  88  12:30  SCV  
  88  12:34  Siege Tank  
  88  12:35  Siege Tank x2  
  47  13:32  Barracks  
  47  13:34  Barracks  
  47  13:35  Barracks  
  39  14:11  Command Center  
Show
View Real Time Build Order
Export as new Build Order

Guy Zerg 

Build Orders: Pool First 

Get SALT Encoding   

  12  0:01  Drone  
  13  0:13  Overlord  
  13  0:19  Drone  
  14  0:31  Drone x2  
  16  0:45  Spawning Pool  
  16  0:47  Extractor  
  16  0:48  Drone  
  15  0:51  Drone  
  16  1:00  Drone  
  17  1:08  Drone  
  18  1:20  Drone  
  19  1:31  Queen  
  21  1:41  Drone  
  21  1:43  Hatchery  
  21  1:45  Drone  
  22  1:51  Overlord  
  22  2:04  Metabolic Boost  
  22  2:16  Zergling x4  
  24  2:29  Drone  
  25  2:31  Lair, Extractor  
  24  2:42  Drone  
  25  2:50  Drone  
  25  2:51  Drone x2  
  28  2:58  Queen  
  28  2:59  Drone  
  28  3:04  Drone  
  31  3:23  Zergling x2  
  31  3:24  Overlord  
  31  3:25  Overlord  
  31  3:44  Zergling x10  
  35  3:57  Zergling x4  
  35  4:00  Zergling x8  
  41  4:13  Zergling x6  
  39  4:26  Zergling x4  
  39  4:27  Zergling x2  
  40  4:38  Hydralisk Den  
  38  4:42  Drone x2  
  38  4:59  Drone x3  
  42  5:00  Drone  
  42  5:01  Overlord x2  
  42  5:09  Lurker Den  
  42  5:11  Overlord  
  42  5:12  Overlord x2  
  42  5:17  Drone  
  43  5:22  Extractor x2  
  43  5:26  Overseer  
  41  5:29  Hydralisk x2  
  41  5:30  Hydralisk x5  
  55  5:47  Drone x3  
  58  5:50  Drone x2  
  60  6:03  Drone  
  61  6:08  Drone x3  
  61  6:11  Hydralisk  
  66  6:24  Drone x3  
  66  6:25  Drone  
  70  6:47  Hydralisk x4  
  78  7:11  Overlord x4  
  78  7:22  Spore Crawler  
  77  7:26  Spore Crawler  
  77  7:27  Spore Crawler  
  77  7:28  Spore Crawler  
  74  7:35  Spore Crawler x2  
  74  7:36  Spore Crawler  
  71  7:37  Hydralisk x4  
  71  7:38  Spore Crawler, Hydralisk x3  
  71  7:40  Muscular Augments  
  84  7:46  Drone  
  84  7:47  Drone  
  84  7:48  Drone  
  84  7:49  Drone x3  
  90  8:00  Infestation Pit  
  90  8:03  Drone  
  90  8:04  Drone x2  
  90  8:05  Evolution Chamber  
  91  8:06  Evolution Chamber  
  91  8:12  Drone  
  91  8:42  Hive  
  91  8:56  Hydralisk x3  
  91  8:57  Hydralisk  
  91  8:58  Overlord x2  
  70  9:29  Hydralisk x13  
  96  9:59  Viper x4  
  108  10:11  Zerg Missile Weapons Level 1  
  108  10:12  Hatchery  
  108  10:13  Extractor  
  106  10:14  Zerg Ground Armor Level 1  
  106  10:30  Extractor  
  105  10:47  Hydralisk  
  105  10:48  Hydralisk x4  
  102  11:18  Hydralisk  
  102  11:19  Hydralisk x7  
  110  11:29  Hydralisk  
  110  11:30  Hydralisk x2  
  112  11:36  Hatchery  
  111  11:56  Overlord x6  
  111  12:19  Hydralisk  
  111  12:20  Overlord x3  
  113  12:53  Hydralisk  
  113  12:54  Hydralisk x5  
  125  13:14  Drone x3  
  120  14:25  Hatchery  
Show
View Real Time Build Order
Export as new Build Order

NAJEDI Terran 

Build Orders: Command Center First (CC), MMM Bio 

Get SALT Encoding   

  12  0:01  SCV  
  13  0:14  Supply Depot  
  13  0:18  SCV  
  14  0:30  SCV  
  15  0:42  SCV  
  16  1:02  Command Center  
  16  1:13  Barracks  
  16  1:19  Refinery  
  16  1:21  SCV  
  17  1:33  SCV  
  18  1:48  Barracks  
  18  1:50  SCV  
  19  2:03  Orbital Command  
  19  2:06  Barracks Reactor  
  19  2:14  Orbital Command  
  19  2:24  Barracks  
  19  2:30  SCV  
  20  2:39  SCV  
  20  2:43  SCV  
  22  2:51  Supply Depot, Barracks Tech Lab, SCV  
  22  2:52  Marine  
  22  2:55  Marine, SCV  
  26  3:07  SCV x2  
  26  3:24  Marine x3  
  29  3:28  Barracks Reactor  
  29  3:37  Supply Depot, Engineering Bay  
  24  4:07  Marine x3  
  26  4:19  Marine x2  
  24  4:25  Marine x2  
  22  4:42  Marauder  
  22  4:43  Marine x2  
  22  4:44  Marine x2  
  28  4:48  Stimpack  
  28  4:49  Orbital Command  
  28  4:53  Factory  
  28  4:55  Refinery  
  28  4:57  Engineering Bay  
  28  5:02  Orbital Command  
  28  5:31  Marine x3  
  31  5:36  Marine  
  31  5:37  Marine  
  31  5:39  Factory Reactor  
  33  5:45  SCV x2  
  35  5:57  SCV x2  
  37  6:07  Marine x3  
  37  6:08  Marine x2  
  37  6:09  SCV  
  37  6:10  SCV  
  44  6:15  Terran Infantry Weapons Level 1  
  44  6:21  SCV  
  44  6:22  SCV  
  44  6:25  Marine x3  
  49  6:31  Marine  
  50  6:33  Starport  
  50  6:34  Marauder, SCV  
  53  6:41  Refinery, SCV  
  54  6:48  Supply Depot  
  54  6:52  Supply Depot  
  54  6:58  Armory  
  54  7:10  Marine x2, SCV x2  
  54  7:15  Missile Turret  
  58  7:17  Missile Turret  
  58  7:18  Missile Turret  
  58  7:22  SCV x2  
  60  7:42  SCV x2  
  62  7:45  Marine x4  
  62  7:47  Marauder  
  68  7:53  Terran Infantry Armor Level 1  
  68  7:54  SCV x2  
  68  7:56  Terran Vehicle And Ship Armor Level 1  
  70  8:07  Combat Shields, Supply Depot  
  70  8:20  Barracks  
  70  8:21  Barracks  
  70  8:28  Medivac x2  
  74  8:51  Marine x4  
  78  9:09  Barracks Tech Lab, Barracks Reactor  
  78  9:13  Marauder  
  78  9:15  Medivac  
  78  9:35  Missile Turret x2  
  78  9:47  Terran Infantry Weapons Level 2  
  78  9:48  Terran Infantry Armor Level 2  
  78  9:49  Supply Depot  
  78  9:52  Supply Depot  
  78  9:54  Supply Depot x2  
  78  10:05  Medivac, Marine x3, SCV  
  78  10:06  Marauder x2, Marine x3, SCV  
  92  10:07  Factory Tech Lab  
  92  10:18  SCV  
  93  10:23  Medivac  
  93  10:25  Marine  
  93  10:26  Marine x2  
  98  10:29  Marine x2  
  98  10:30  Marine  
  98  10:31  Marauder  
  103  10:35  Medivac  
  100  11:40  Marine x3  
  103  12:06  Marine x5  
  103  12:07  Marauder x2, Marine  
  113  12:23  Marine  
  113  12:24  Marine x3  
  113  12:29  Marauder x2  
  99  12:48  Marine x2  
  99  12:50  Marauder  
  99  13:15  Marine  
  99  13:16  Marine x4  
  99  13:17  Marine  
  98  13:33  Marine x2  
  98  13:34  Marine  
Show
View Real Time Build Order
Export as new Build Order

unleashed Terran 

Build Orders:  

Get SALT Encoding   

  12  0:02  SCV  
  14  0:14  SCV  
  14  0:24  Supply Depot  
  14  0:26  SCV  
  15  0:34  Refinery  
  15  0:46  SCV  
  15  0:48  Barracks  
  16  0:58  SCV  
  17  1:10  SCV  
  18  1:12  Supply Depot  
  18  1:22  SCV  
  19  1:37  Orbital Command  
  19  1:38  Marine  
  20  1:40  Factory  
  20  1:56  Marine  
  21  2:03  SCV  
  22  2:09  Supply Depot  
  22  2:15  Barracks Tech Lab, SCV  
  23  2:23  Bunker  
  23  2:26  Factory Tech Lab  
  23  2:28  SCV  
  24  2:32  Refinery  
  24  2:39  Marine  
  24  2:40  SCV  
  26  2:59  Marine  
  27  3:10  Command Center  
  27  3:17  Marine  
  27  3:19  Siege Tank  
  29  3:34  Marine  
  29  3:35  SCV  
  31  3:47  SCV  
  28  4:15  Siege Tank  
  31  4:20  Barracks  
  31  4:50  Barracks  
  31  4:53  Barracks  
  31  5:05  Siege Tank  
  34  5:18  Barracks Tech Lab  
  34  5:22  Orbital Command  
  34  5:25  SCV  
  35  5:37  Barracks Reactor, Siege Tank  
  35  5:38  SCV  
  39  5:46  Barracks Reactor  
  39  5:47  Stimpack  
  39  5:50  SCV  
  39  5:56  SCV  
  41  6:02  SCV  
  42  6:07  Supply Depot  
  42  6:08  SCV  
  43  6:13  Supply Depot  
  43  6:14  SCV  
  44  6:18  Supply Depot  
  44  6:20  SCV  
  45  6:26  SCV  
  45  6:30  Marine x4  
  45  6:31  Marine  
  51  6:33  Starport, SCV  
  51  6:38  SCV  
  53  6:45  SCV  
  54  6:48  Marine x4  
  54  6:50  Marine, SCV  
  60  6:57  SCV  
  60  6:59  Supply Depot  
  60  7:00  Supply Depot  
  61  7:02  SCV  
  61  7:03  Supply Depot  
  61  7:04  Supply Depot  
  61  7:08  Marine x5  
  67  7:15  Engineering Bay  
  67  7:16  Engineering Bay  
  67  7:17  SCV x2  
  67  7:18  Armory  
  69  7:26  Marine x4  
  69  7:29  SCV x2  
  75  7:30  Starport Reactor  
  75  7:39  Refinery  
  75  7:40  Refinery  
  75  7:45  Marine x4  
  75  7:46  Marine  
  75  7:50  Terran Infantry Armor Level 1, Terran Infantry Weapons Level 1  
  80  7:56  SCV x2  
  82  8:12  Medivac x2  
  86  8:15  Marine x4  
  86  8:16  Marine  
  91  8:24  Missile Turret x2  
  91  8:33  Marine  
  92  8:39  Missile Turret  
  86  8:41  Medivac  
  86  8:42  Medivac  
  87  9:04  SCV x2  
  89  9:11  Medivac  
  89  9:12  Medivac  
  89  9:16  SCV  
  89  9:17  SCV  
  78  9:28  SCV  
  78  9:29  SCV  
  80  9:35  Missile Turret x2  
  80  9:36  Missile Turret  
  80  9:44  Marine  
  80  9:45  Marine x4  
  85  9:47  Medivac x2  
  89  10:02  Marine x5  
  89  10:03  SCV x2  
  96  10:20  Marine x5  
  101  10:23  Terran Infantry Weapons Level 2  
  101  10:24  Terran Infantry Armor Level 2  
  100  10:40  Marine  
  100  10:41  Marine x4  
  82  10:58  Marine  
  82  10:59  Marine x4  
  76  11:16  Marine  
  76  11:17  Marine x4  
  72  11:34  Marine x5  
  77  11:52  Marine  
  78  12:11  Marine x4  
  82  12:29  Marine x4  
  79  12:47  Marine x4  
  80  13:04  Marine  
  80  13:05  Marine x3  
Tags
 
Add a new tag
Caveats
  • Supply blocks, unpowered buildings, or Contaminate may cause inaccurate times.
  • Supply counts are checked every 10 seconds.